 Dungeon Crawl Stone Soup version 0.28-a0-1184-g53156a8862 (webtiles) character file.

Game seed: 3200179450802653274

8738 dracfodder the Thaumaturge (level 11, 0/56 HPs)
             Began as a Gargoyle Earth Elementalist on Dec 17, 2021.
             Was a Priest of Sif Muna.
             Slain by a freezing wraith (6 damage)
             ... on level 12 of the Dungeon on Dec 18, 2021.
             The game lasted 01:19:57 (14608 turns).

dracfodder the Thaumaturge (GrEE)                  Turns: 14608, Time: 01:19:58

Health: 0/56       AC: 14    Str: 12    XL:     11   Next: 35%
Magic:  13/26      EV: 13    Int: 20    God:    Sif Muna [***...]
Gold:   98         SH:  0    Dex: 14    Spells: 7/33 levels left

rFire   + . .      SeeInvis +   j - +3 quarterstaff (freeze)
rCold   . . .      Faith    .   (shield currently unavailable)
rNeg    + . .      Spirit   .   C - +0 robe of Haunted Mirth {Dex+4 SInv}
rPois   ∞          Reflect  .   H - +2 hat
rElec   +          Harm     .   e - +0 cloak
rCorr   .          Rampage  .   (no gloves)
Will    .....      Rage     1%  B - +0 pair of boots
Stlth   +++.......              o - amulet of magic regeneration
HPRegen 0.18/turn               w - ring of protection from fire
MPRegen 0.60/turn               (no ring)

@: slowed, very slow
A: sickness immunity, AC +8, negative energy resistance 1, electricity
resistance, torment resistance 1, petrification resistance, talons 1, berserk 1
a: Renounce Religion, Channel Magic, Forget Spell


You were on level 12 of the Dungeon.
You worshipped Sif Muna.
Sif Muna was most pleased with you.
You visited 2 branches of the dungeon, and saw 14 of its levels.
You visited 1 bazaar.
You also visited: Sewer.

You collected 714 gold pieces.
You spent 616 gold pieces at shops.

Inventory:

Hand Weapons
 j - a +3 quarterstaff of freezing (weapon)
 D - a +2 short sword of holy wrath
 F - a +1 long sword of flaming
Missiles
 a - 208 arrows
 c - 364 stones
 h - 132 bolts
 r - 71 sling bullets
 s - 21 poisoned darts
 y - a curare-tipped dart
 z - a boomerang
 A - 2 atropa-tipped darts
 E - 11 javelins
 L - 2 silver boomerangs
Armour
 e - a +0 cloak (worn)
 B - a +0 pair of boots (worn)
 C - the +0 robe of Haunted Mirth (worn) {Dex+4 SInv}
   (You found it on level 7 of the Dungeon)

   Dex:       It affects your dexterity (+4).
   SInv:      It lets you see invisible.
 H - a +2 hat (worn)
Jewellery
 o - an amulet of magic regeneration (around neck)
 w - a ring of protection from fire (left hand)
 x - a ring of fire
 M - an amulet of guardian spirit
Wands
 b - a wand of digging (10)
 l - a wand of mindburst (1)
 q - a wand of iceblast (8)
 t - a wand of flame (33)
 u - a wand of paralysis (7)
 G - a wand of charming (3)
Scrolls
 d - 2 scrolls of fear
 m - a scroll of teleportation
 n - a scroll of holy word
 v - a scroll of amnesia
Potions
 f - 4 potions of curing
 g - a potion of flight
 i - 2 potions of heal wounds
 k - 3 potions of berserk rage
 p - a potion of resistance
 I - a potion of ambrosia {unknown}
 J - a potion of brilliance {unknown}
 K - 2 potions of invisibility {unknown}


   Skills:
 + Level 1.5 Fighting
 + Level 2.4 Staves
 + Level 2.9 Dodging
 + Level 4.0 Stealth
 * Level 11.9 Spellcasting
 + Level 6.6 Conjurations
 + Level 1.9 Hexes
 + Level 1.1 Transmutations
 + Level 0.1 Air Magic
 + Level 10.1 Earth Magic
 + Level 1.3 Evocations


You had 7 spell levels left.
You knew the following spells:

 Your Spells              Type           Power      Damage    Failure   Level
a - Sandblast             Erth           100%       2d20      1%          1
b - Passwall              Tmut/Erth      28%        N/A       1%          2
c - Stone Arrow           Conj/Erth      90%        3d12      1%          3
d - Petrify               Tmut/Erth      34%        N/A       5%          4
e - Slow                  Hex            76%        N/A       2%          1
f - Confusing Touch       Hex            19%        N/A       8%          3
g - Poisonous Vapours     Pois/Air       24%        N/A       9%          2
h - Lee's Rapid Deconstr  Erth           25%        3d15*     2%          5
i - Iskenderun's Battles  Conj           38%        2d9       11%         5

Your spell library contained the following spells:

 Spells                   Type           Power      Damage    Failure   Level
 Magic Dart               Conj           100%       1d8       1%          1
 Searing Ray              Conj           76%        2d7       1%          2
 Sting                    Tmut/Pois      56%        1d5       4%          1
 Leda's Liquefaction      Hex/Erth       18%        N/A       4%          4
 Animate Skeleton         Necr           22%        N/A       6%          1
 Pain                     Necr           44%        1d6       6%          1
 Fulminant Prism          Conj/Hex       14%        3d9       10%         4
 Portal Projectile        Hex/Tloc       30%        N/A       12%         3
 Hailstorm                Conj/Ice       25%        3d7       14%         4
 Gell's Gravitas          Tloc           11%        N/A       17%         3
 Lesser Beckoning         Tloc           11%        N/A       17%         3
 Ozocubu's Armour         Ice            11%        N/A       17%         3
 Teleport Other           Tloc           11%        N/A       17%         3
 Vampiric Draining        Necr           11%        2d6       17%         3
 Cause Fear               Hex            9%         N/A       26%         4
 Dispel Undead            Necr           11%        3d9       50%         4
 Olgreb's Toxic Radiance  Pois           12%        N/A       50%         4
 Yara's Violent Unravell  Hex/Tmut       9%         3d6       63%         5
 Blade Hands              Tmut           8%         N/A       69%         5
 Excruciating Wounds      Necr           5%         N/A       85%         5
 Dispersal                Tloc           5%         N/A       100%        6
 Dragon Form              Tmut           8%         N/A       100%        7
 Ozocubu's Refrigeration  Ice            5%         4d6       100%        7
 Necromutation            Tmut/Necr      7%         N/A       100%        8
 Summon Horrible Things   Summ           5%         N/A       100%        8
 Dragon's Call            Summ           5%         N/A       100%        9


Dungeon Overview and Level Annotations

Branches:
Dungeon (13/15)            Temple (1/1) D:6            Lair (0/6) D:10
    Orc (0/2) D:11          Sewer (visited)
 Vaults: D:13-14

Altars:
Ashenzari
Cheibriados
Dithmenos
Elyvilon
Fedhas
Gozag
Hepliaklqana
Kikubaaqudgha
Makhleb
Nemelex Xobeh
Okawaru
Qazlal
Ru
Sif Muna
Trog
Uskayaw
Vehumet
Wu Jian
Xom
Yredelemnul
Zin
The Shining One
Jiyva

Shops:
D:2 =   D:7 [

Annotations:
D:12 3 runed translucent doors, JamezByez's ghost, journeyman MiBe


Innate Abilities, Weirdness & Mutations

You are immune to sickness and miasma.
Your stone body is resilient. (AC +8)
You are immune to poison.
You resist negative energy. (rN+)
You are resistant to electric shocks. (rElec)
You are resistant to unholy torment.
You are immune to petrification.
You have sharp toenails.
You tend to lose your temper in combat.


Message History

The freezing wraith hits you. The freezing wraith freezes you!!
* * * LOW HITPOINT WARNING * * *
The freezing wraith hits you but does no damage.
You feel much better.
The freezing wraith completely misses you. x2
Aiming: Stone Arrow (safe; 1% risk of failure)
Press: ? - help, Q - select action, (/) - cycle Shift-Dir - straight line, f/p - freezing wraith
Aim: a freezing wraith (lightly damaged, 76% to hit)
The stone arrow hits the freezing wraith.
The freezing wraith is moderately damaged.
The freezing wraith closely misses you. The freezing wraith hits you.
Aiming: Stone Arrow (safe; 1% risk of failure)
Press: ? - help, Q - select action, (/) - cycle Shift-Dir - straight line, f/p - freezing wraith
Aim: a freezing wraith (moderately damaged, 76% to hit)
The stone arrow hits the freezing wraith.
The freezing wraith is heavily damaged.
The freezing wraith hits you but does no damage.
The freezing wraith closely misses you.
Aiming: Stone Arrow (safe; 1% risk of failure)
Press: ? - help, Q - select action, (/) - cycle Shift-Dir - straight line, f/p - freezing wraith
Aim: a freezing wraith (heavily damaged, 76% to hit)
The stone arrow hits the freezing wraith.
The freezing wraith is heavily damaged.
The freezing wraith closely misses you. The freezing wraith hits you!
The freezing wraith drains your vigour!
You feel yourself slow down.
Aiming: Stone Arrow (safe; 1% risk of failure)
Press: ? - help, Q - select action, (/) - cycle Shift-Dir - straight line, f/p - freezing wraith
Aim: a freezing wraith (heavily damaged, 76% to hit)
The stone arrow misses the freezing wraith.
The freezing wraith hits you.
* * * LOW HITPOINT WARNING * * *
The freezing wraith freezes you!
* * * LOW HITPOINT WARNING * * *
The freezing wraith hits you but does no damage.
You feel much better. The freezing wraith hits you!
The freezing wraith freezes you!
* * * LOW HITPOINT WARNING * * *
The freezing wraith misses you. The freezing wraith barely misses you.
The freezing wraith hits you.
You die...

#.#...W... #?#$....
.#####.....#
...........#..#.#).
#..# ##.Z!Z.## #..#
.......
####..#####.WZ..##
#........#ZZZZZ..#
#.##@W######+++###
# #..# #.....# #..#
#.....# #..#
###.#.#
#..#######...#####
#.................
#.##########>#.###
#..............#
########..).#.##


You could see a freezing wraith.

Vanquished Creatures
  A boulder beetle (D:11)
  A two-headed ogre (D:10)
  An orc sorcerer (D:7)
  A cyclops (D:12)
  A manticore (D:13)
  Psyche (D:12)
  A troll (D:9)
  A polar bear (shapeshifter) (D:10)
  2 hornets
  A shadow (D:11)
  A wraith (D:10)
  A wyvern (D:10)
  Sigmund (D:3)
  Eustachio (D:6)
  Grum (D:8)
  A basilisk (D:9)
  Duvessa (D:7)
  2 acid dragons
  3 water moccasins
  4 orc warriors
  3 black bears
  2 ogres (D:4)
  4 wolves
  5 centaurs
  A kobold brigand (D:6)
  3 bullfrogs
  2 gnoll sergeants
  A scorpion (D:3)
  A water moccasin zombie (D:5)
  Dowan (D:7)
  A jelly (D:6)
  2 howler monkeys
  2 electric eels (D:3)
  4 centaur zombies
  2 hounds
  6 orc priests
  A bullfrog skeleton (D:5)
  3 iguanas
  Ijyb (D:5)
  9 orc wizards
  A killer bee zombie (D:5)
  2 hound skeletons (D:4)
  9 adders
  17 gnolls
  A shadow imp (D:7)
  A white imp (D:7)
  An ufetubus (D:6)
  3 worms
  2 dart slugs
  38 orcs
  7 ball pythons
  7 endoplasms
  3 giant cockroaches (D:4)
  7 goblins
  8 hobgoblins
  6 jackals
  9 kobolds
  2 quokkas
  9 bats
  3 frilled lizards
  3 rats (D:3)
220 creatures vanquished.

Vanquished Creatures (others)
  2 plants (D:3)
2 creatures vanquished.

Grand Total: 222 creatures vanquished

Notes
Turn   | Place    | Note
-------+----------+-------------------------------------------
     0 | D:1      | dracfodder the Gargoyle Earth Elementalist began the quest
                  | for the Orb.
     0 | D:1      | Reached XP level 1. HP: 10/10 MP: 3/3
   100 | D:1      | Found a faded altar of an unknown god.
   151 | D:1      | Reached XP level 2. HP: 15/15 MP: 1/5
   161 | D:1      | Learned a level 2 spell: Passwall
   826 | D:2      | Reached XP level 3. HP: 19/19 MP: 1/7
  1037 | D:2      | Learned a level 3 spell: Stone Arrow
  1357 | D:2      | Reached skill level 3 in Spellcasting
  1473 | D:2      | Found Haon's Jewellery Boutique.
  1523 | D:2      | Noticed a black bear
  1561 | D:2      | Killed a black bear
  1562 | D:2      | Reached skill level 4 in Spellcasting
  1562 | D:2      | Reached XP level 4. HP: 24/24 MP: 1/10
  1562 | D:2      | Reached XP level 5. HP: 28/28 MP: 1/11
  2803 | D:3      | Found a transporter.
  2818 | D:3      | Found a transporter.
  2829 | D:3      | Noticed Sigmund
  2912 | D:3      | Killed Sigmund
  2913 | D:3      | Reached skill level 1 in Conjurations
  2913 | D:3      | Reached skill level 5 in Earth Magic
  2913 | D:3      | Reached XP level 6. HP: 31/32 MP: 7/13
  2983 | D:4      | Found a glowing drain.
  2998 | Sewer    | Entered a sewer
  3136 | Sewer    | Noticed a water moccasin
  3165 | Sewer    | Killed a water moccasin
  3166 | Sewer    | Reached skill level 5 in Spellcasting
  3321 | D:5      | Entered Level 5 of the Dungeon
  3321 | D:5      | Noticed an orc warrior
  3509 | D:3      | Reached XP level 7. HP: 31/36 MP: 8/14
  3765 | D:3      | Found a faded altar of an unknown god.
  3765 | D:3      | Found a faded altar of an unknown god.
  3772 | D:3      | Found an iron altar of Okawaru.
  3774 | D:3      | Found a shimmering blue altar of Sif Muna.
  3776 | D:3      | Found a sacrificial altar of Ru.
  3782 | D:3      | Became a worshipper of Sif Muna the Loreminder
  4575 | D:4      | Got Onenygy's Reference Book on Lethal Slavery
  4602 | D:4      | Found an opulent altar of Gozag.
  4608 | D:4      | Learned a level 4 spell: Petrify
  5152 | D:4      | Found a basalt altar of Yredelemnul.
  5162 | D:4      | Reached skill level 6 in Spellcasting
  5170 | D:4      | Reached skill level 1 in Staves
  5301 | D:4      | Reached XP level 8. HP: 34/41 MP: 7/17
  5914 | D:4      | Reached * piety under Sif Muna
  6184 | D:4      | Reached skill level 1 in Fighting
  6545 | D:4      | Reached skill level 7 in Spellcasting
  6810 | D:5      | Noticed Ijyb
  6814 | D:5      | Paralysed by Ijyb for 2 turns
  6817 | D:5      | Killed Ijyb
  6868 | D:5      | Learned a level 1 spell: Slow
  7004 | D:6      | Noticed Eustachio
  7026 | D:6      | Found a staircase to the Ecumenical Temple.
  7048 | Temple   | Entered the Ecumenical Temple
  7194 | D:6      | Reached XP level 9. HP: 47/47 MP: 17/20
  7205 | D:6      | Learned a level 3 spell: Confusing Touch
  7368 | D:6      | Reached skill level 8 in Spellcasting
  7368 | D:6      | Reached ** piety under Sif Muna
  7497 | D:6      | Found a blossoming altar of Fedhas.
  7501 | D:7      | Found Sookhluno's Antique Armour Shoppe.
  7558 | D:6      | Found a hazy altar of Hepliaklqana.
  7759 | D:6      | Killed Eustachio
  8381 | D:7      | Found a large runed translucent door.
  8382 | D:7      | Found a large runed translucent door.
  8504 | D:7      | Noticed an orc sorcerer
  8509 | D:7      | Paralysed by an orc sorcerer for 7 turns
  8521 | D:7      | Killed an orc sorcerer
  8525 | D:7      | Identified the +0 robe of Haunted Mirth {Dex+4 SInv}
  8899 | D:7      | Noticed Dowan
  8900 | D:7      | Noticed Duvessa
  8904 | D:7      | Killed Duvessa
  8905 | D:7      | Reached skill level 1 in Evocations
  8906 | D:7      | Killed Dowan
  9182 | D:7      | Reached skill level 9 in Spellcasting
  9290 | D:7      | Found a shadowy altar of Dithmenos.
  9392 | D:7      | Found a hide-covered altar of Uskayaw.
  9482 | D:7      | Found a snail-covered altar of Cheibriados.
  9496 | D:7      | Found a sparkling altar of Nemelex Xobeh.
  9546 | D:8      | Noticed Grum
  9550 | D:8      | Reached skill level 5 in Conjurations
  9551 | D:8      | Reached XP level 10. HP: 52/52 MP: 14/23
  9683 | D:8      | Found an ancient bone altar of Kikubaaqudgha.
  9960 | D:8      | Killed Grum
  9976 | D:8      | Reached skill level 10 in Spellcasting
 10409 | D:9      | Gained mutation: You have large cloven feet. [potion of
                  | mutation]
 10409 | D:9      | Lost mutation: You have large cloven feet. [potion of
                  | mutation]
 10409 | D:9      | Gained mutation: You tend to lose your temper in combat.
                  | [potion of mutation]
 10409 | D:9      | Gained mutation: You have sharp toenails. [potion of
                  | mutation]
 10799 | D:10     | Entered Level 10 of the Dungeon
 10799 | D:10     | Found a glowing silver altar of Zin.
 10834 | D:9      | Learned a level 2 spell: Poisonous Vapours
 11195 | D:10     | Reached *** piety under Sif Muna
 11246 | D:10     | Found a staircase to the Lair.
 11313 | D:10     | Reached skill level 1 in Hexes
 11464 | D:10     | Noticed a two-headed ogre
 11479 | D:10     | Killed a two-headed ogre
 11929 | D:10     | Reached skill level 11 in Spellcasting
 12064 | D:11     | Found a staircase to the Orcish Mines.
 12242 | D:11     | Reached XP level 11. HP: 44/56 MP: 20/26
 12455 | D:11     | Found a flickering gateway to a bazaar.
 12466 | Bazaar   | Entered a bazaar
 12470 | Bazaar   | Found Uris's Assorted Antiques.
 12493 | Bazaar   | Found Rigracaa's Antique Weapon Emporium.
 12514 | Bazaar   | Found Qeukeupp's Book Boutique.
 12519 | Bazaar   | Bought the Volume of Earth for 308 gold pieces
 12536 | Bazaar   | Found Capriops's Armour Shoppe.
 12605 | Bazaar   | Bought the Papyrus of Conjuration for 308 gold pieces
 12611 | Bazaar   | Learned a level 5 spell: Lee's Rapid Deconstruction
 12617 | Bazaar   | Learned a level 5 spell: Iskenderun's Battlesphere
 13605 | D:11     | Noticed a boulder beetle
 13619 | D:11     | Killed a boulder beetle
 13620 | D:11     | Reached skill level 1 in Transmutations
 14160 | D:12     | Noticed Psyche
 14166 | D:12     | Killed Psyche
 14209 | D:12     | Found a runed translucent gate.
 14209 | D:12     | Found a runed translucent gate.
 14211 | D:12     | Found a runed translucent gate.
 14214 | D:12     | Noticed JamezByez's ghost (journeyman MiBe)
 14233 | D:12     | Noticed a cyclops
 14241 | D:12     | Killed a cyclops
 14242 | D:12     | Reached skill level 10 in Earth Magic
 14245 | D:12     | Noticed a manticore
 14395 | D:13     | Killed a manticore
 14607 | D:12     | HP: 2/56 [freezing wraith (14)]
 14608 | D:12     | Slain by a freezing wraith

Illustrated notes

Levels and vault maps discovered:
D:1:      dpeg_arrival_orchard, layout_rooms, ebering_ecumenical_altar_hall,
          corexii_leaking_fountain
D:2:      layout_loops_corners, serial_shops, shop
D:3:      gammafunk_steamed_eel, layout_loops_corners,
          chequers_temple_overflow_minitemple,
          amcnicky_mini_rare_corridor_liquid, uniq_sigmund
D:4:      layout_loops_corners, mainiacjoe_overflow_large_starburst,
          portal_sewer_entry_f, minmay_misc_feat_alley
D:5:      layout_cave_pools, uniq_ijyb
D:6:      layout_basic, fedhas_altar_1, mainiacjoe_overflow_surrounded_room,
          minmay_temple_entry_grid, mrwooster_statue_mirror, uniq_eustachio
D:7:      cheibrodos_wizards_tower, layout_basic, nicolae_uskayaw_suspiria,
          kennysheep_mini_moat, jmf_multi_god_temple2, serial_shops, shop,
          uniq_duvessa
D:8:      layout_basic, kennysheep_little_box, uniq_grum
D:9:      layout_long_grid, kennysheep_generic_room_14
D:10:     layout_long_grid, overflow_temple_1_default, lair_entry_dummy,
          minmay_microvault
D:11:     layout_layer_cave, orc_0_dummy, serial_shops, bzr_entry_dummy
D:12:     layout_loops_ring, gammafunk_ghost_necromancy, serial_shops,
          nicolae_shop_advertising_works [nicolae_subvault_shop_adworks],
          ashenzari_conservatory_becter, uniq_psyche
D:13:     layout_irregular_city, grunt_vaults_entry_tiered, uniq_sonja
Temple:   pf_slime_end_temple

Skill      XL: |  1  2  3  4  5  6  7  8  9 10 11 |
---------------+----------------------------------+-----
Earth Magic    | 4 5 6 7 8 9 10 | 10.1
Spellcasting   | 4 5 6 7 9 11 | 11.9
Conjurations   | 1 2 3 5 6 |  6.6
Stealth        | 3 4 |  4.0
Dodging        | 2 |  2.9
Staves         | 1 2 |  2.4
Fighting       | 1 |  1.5
Evocations     | 1 |  1.3
Hexes          | 1 |  1.9
Transmutations | 1 |  1.1
Air Magic      | |  0.1

Action                   |  1- 3 |  4- 6 |  7- 9 | 10-12 || total
-------------------------+-------+-------+-------+-------++-------
Melee: Quarterstaff      |       |    19 |    29 |    12 ||    60
 Cast: Sandblast         |    34 |     6 |    18 |    19 ||    77
       Stone Arrow       |     5 |    22 |   149 |   114 ||   290
       Slow              |       |       |     4 |    15 ||    19
       Petrify           |       |       |       |     8 ||     8
       Poisonous Vapours |       |       |       |     2 ||     2
       Lee's Rapid Decon |       |       |       |     4 ||     4
       Iskenderun's Batt |       |       |       |     3 ||     3
       Passwall          |       |       |       |     2 ||     2
Evoke: Wand              |       |       |    22 |     9 ||    31
  Use: Scroll            |     3 |     1 |    11 |     4 ||    19
       Potion            |       |       |       |     4 ||     4
 Stab: Petrified         |       |       |       |     4 ||     4
Armor: Robe              |     6 |     9 |    51 |    24 ||    90
Dodge: Dodged            |     2 |    19 |    78 |    32 ||   131

Table legend: (Time is in decaauts)
 A = Elapsed time spent in this place.
 B = Non-inter-level travel time spent in this place.
 C = Inter-level travel time spent in this place.
 D = Time resting spent in this place.
 E = Time spent auto-exploring this place.
 F = Levels seen in this place.
 G = Mean time per level.
                   A        B        C        D        E       F      G
               +--------+--------+--------+--------+--------+-----+--------+
         Total |  14654 |  14098 |    556 |   4229 |   7442 |  16 |  915.9 |
       Dungeon |  14025 |  13480 |    545 |   4097 |   7225 |  13 | 1078.8 |
        Temple |    135 |    124 |     11 |      0 |    112 |   1 |  135.0 |
        Bazaar |    190 |    190 |      0 |      0 |     76 |   1 |  190.0 |
         Sewer |    303 |    303 |      0 |    132 |     29 |   1 |  303.0 |
               +--------+--------+--------+--------+--------+-----+--------+

Top non-repeatable levels by time:
     D:4: 2071 daAuts
     D:2: 1955 daAuts
    D:11: 1763 daAuts
     D:3: 1667 daAuts
     D:7: 1246 daAuts
     D:6: 1210 daAuts
    D:10: 1142 daAuts
     D:9: 829 daAuts
     D:8: 665 daAuts
     D:1: 635 daAuts
     D:5: 386 daAuts
    D:13: 348 daAuts
   Sewer: 303 daAuts
  Bazaar: 190 daAuts
  Temple: 135 daAuts
